 Dungeon Crawl Stone Soup version 0.30-a0-618-gd6c86c23d0 (webtiles) character file.

Game seed: 11443733199537930978

53 funkygono the Firebug (level 3, 0/19 HPs)
             Began as a Deep Elf Fire Elementalist on Jan 9, 2023.
             Slain by a worm (8 damage)
             ... on level 2 of the Dungeon.
             The game lasted 00:01:41 (1605 turns).

funkygono the Firebug (Deep Elf Fire Elementalist)  Turns: 1605, Time: 00:01:42

Health: 0/19       AC:  2    Str:  5    XL:     3   Next: 64%
Magic:  6/10       EV: 12    Int: 21    God:
Gold:   53         SH:  0    Dex: 15    Spells: 3/9 levels left

rFire   . . .      SeeInvis .    c - +0 short sword
rCold   . . .      Faith    .    (no shield)
rNeg    . . .      Spirit   .    a - +0 robe
rPois   .          Reflect  .    (no helmet)
rElec   .          Harm     .    (no cloak)
rCorr   .          Rampage  .    (no gloves)
Will    .....                    (no boots)
Stlth   ++                       (no amulet)
HPRegen 0.23/turn                (no ring)
MPRegen 0.12/turn                (no ring)

@: no status effects
A: no striking features
a: no special abilities


You were on level 2 of the Dungeon.
You visited 1 branch of the dungeon, and saw 2 of its levels.

You collected 53 gold pieces.

Inventory:

Hand Weapons
 c - a +0 short sword (weapon)
Armour
 a - a +0 robe (worn)
Jewellery
 i - a +6 ring of intelligence
Scrolls
 f - a scroll of enchant armour {unknown}
 g - 5 scrolls of identify {unknown}
 h - a scroll of poison {unknown}
 j - a scroll of vulnerability {unknown}
 k - a scroll of fog {unknown}
 m - a scroll of brand weapon {unknown}
Potions
 b - a potion of magic
 d - 2 potions of brilliance {unknown}
 e - 2 potions of curing {unknown}
 l - a potion of mutation {unknown}


   Skills:
 + Level 2.5 Dodging
 - Level 2.4 Stealth
 + Level 3.7 Spellcasting
 + Level 1.7 Conjurations
 + Level 4.4 Fire Magic


You had 3 spell levels left.
You knew the following spells:

 Your Spells              Type           Power      Damage    Failure   Level
a - Foxfire               Conj/Fire      68%        2x1d7     3%          1
b - Scorch                Fire           44%        2d7       3%          2
c - Kindle Blastsparks    Fire/Tloc/Air  20%        2d11      21%         3

Your spell library contained the following spells:

 Spells                   Type           Power      Damage    Failure   Level
 Inner Flame              Hex/Fire       13%        N/A       14%         3
 Ignite Poison            Fire/Tmut/Pois 10%        N/A       21%         3
 Summon Guardian Golem    Hex/Summ       3%         N/A       36%         3
 Flame Wave               Conj/Fire      17%        2d7       34%         4
 Sticky Flame             Conj/Fire      17%        2d4       34%         4
 Orb of Destruction       Conj           5%         9d5       100%        7
 Spellforged Servitor     Conj/Summ      3%         N/A       100%        7
 Ignition                 Fire           11%        3d5       100%        8


Dungeon Overview and Level Annotations

Branches:
Dungeon (2/15)

Altars:

Shops:
D:2 (


Message History

Flames lash the kobold.
You kill the kobold!
Unknown command.
Your foxfire dissipates!
Your foxfire dissipates!
You see here a +0 short sword.
A bat comes into view.
Casting: Scorch (safe; 3% risk of failure)
Confirm with . or Enter, or press ? or * to list all spells.
You conjure some foxfire!
The bat hits you but does no damage.
The foxfire hits the bat.
You kill the bat!
Casting: Foxfire (safe; 3% risk of failure)
Confirm with . or Enter, or press ? or * to list all spells.
You don't know that spell.
You see here a bat corpse.
Found a stone staircase leading down.
There is a stone staircase leading down here.
Found an escape hatch in the ceiling.
A worm comes into view.
Found 8 gold pieces.
Casting: Foxfire (safe; 3% risk of failure)
Confirm with . or Enter, or press ? or * to list all spells.
You conjure some foxfire!
Casting: Foxfire (safe; 3% risk of failure)
Confirm with . or Enter, or press ? or * to list all spells.
Flames lash the worm.
The worm is moderately wounded.
The worm's fire resistance burns away.
The foxfire hits the worm.
The worm is burned terribly!
The worm is severely wounded.
The foxfire hits the worm.
The worm is burned terribly!
The worm is almost dead.
The worm bites you!
Ouch! That really hurt!
Unknown command.
Casting: Scorch (safe; 3% risk of failure)
Confirm with . or Enter, or press ? or * to list all spells.
You conjure some foxfire!
The worm bites you!
You die...

.........# ########>#
### #.# #.. #.# #.#
#.# #.# ########.#
#.# .........# #.#
############<######.#
...............v@v..#
#########.##.###w#..#
#.##.# .....#
#.##.#......#
#.##........# ##
#.####$....## .# #.#
#.....# .# #.#
###.#.# .#### #.#


You could see a worm (combustible, ally target).

Vanquished Creatures
  An adder (D:2)
  2 dart slugs (D:1)
  3 endoplasms
  3 goblins (D:1)
  4 hobgoblins
  4 jackals (D:2)
  4 quokkas (D:1)
  3 ball pythons (D:1)
  3 bats
  5 frilled lizards (D:1)
  3 kobolds
  5 rats
40 creatures vanquished.

Vanquished Creatures (collateral kills)
  A foxfire (D:1)
1 creature vanquished.

Vanquished Creatures (others)
  107 foxfires
107 creatures vanquished.

Grand Total: 148 creatures vanquished

Notes
Turn   | Place    | Note
-------+----------+-------------------------------------------
     0 | D:1      | funkygono the Deep Elf Fire Elementalist began the quest
                  | for the Orb.
     0 | D:1      | Reached XP level 1. HP: 10/10 MP: 6/6
   151 | D:1      | Reached XP level 2. HP: 15/15 MP: 4/8
   154 | D:1      | Learned a level 2 spell: Scorch
   530 | D:1      | Reached skill level 4 in Fire Magic
   668 | D:1      | Reached XP level 3. HP: 19/19 MP: 5/10
   765 | D:1      | Learned a level 3 spell: Kindle Blastsparks
  1345 | D:2      | Found Focasui's Weapon Shoppe.
  1605 | D:2      | Slain by a worm

Illustrated notes

Levels and vault maps discovered:
D:1:      dpeg_arrival_boxes_within_box, layout_basic, minmay_pentomino_w2
D:2:      minmay_skewed_foursquare, layout_loops_ring, serial_shops, shop

Skill      XL: |  1  2 |
---------------+-------+-----
Fire Magic     | 4 |  4.4
Dodging        | |  2.5
Stealth        | |  2.4
Spellcasting   | |  3.7
Conjurations   | |  1.7

Action                   || total
-------------------------++-------
 Cast: Foxfire           ||    64
       Scorch            ||     5
Armor: Robe              ||     1
Dodge: Dodged            ||     2

Table legend: (Time is in decaauts)
 A = Elapsed time spent in this place.
 B = Non-inter-level travel time spent in this place.
 C = Inter-level travel time spent in this place.
 D = Time resting spent in this place.
 E = Time spent auto-exploring this place.
 F = Levels seen in this place.
 G = Mean time per level.
                   A        B        C        D        E       F      G
               +--------+--------+--------+--------+--------+-----+--------+
         Total |   1604 |   1566 |     38 |      0 |   1385 |   2 |  802.0 |
       Dungeon |   1604 |   1566 |     38 |      0 |   1385 |   2 |  802.0 |
               +--------+--------+--------+--------+--------+-----+--------+

Top non-repeatable levels by time:
     D:1: 1044 daAuts
     D:2: 559 daAuts
